Map: [ESL] Site Delta

Players

HeroMarine

  • Race: Terran Terran
  • Spawn Location: 11:00

ShoWTimE - Winner!

  • Race: Protoss Protoss
  • Spawn Location: 5:00

Event: ESL SC2 Masters 2023 Winter (Regional)

VOD

Have the link to the VOD?

Description

Time

  • Played on: Nov. 10, 2023, 9:41 a.m.
  • Length: 12:19

All games in this series

Show
View Real Time Build Order
Export as new Build Order

HeroMarine Terran 

Build Orders: Cyclone Opening, Reaper Expand 

Get SALT Encoding   

  12  0:00  SCV  
  13  0:12  SCV  
  14  0:17  Supply Depot  
  14  0:24  SCV  
  15  0:38  SCV  
  15  0:40  Barracks  
  16  0:43  Refinery  
  16  0:50  SCV  
  17  1:03  SCV  
  18  1:15  SCV  
  19  1:27  Orbital Command, Reaper  
  20  1:39  Command Center  
  20  1:52  Supply Depot  
  20  1:56  Bunker  
  20  1:58  SCV  
  21  2:02  Marine  
  22  2:10  SCV  
  22  2:14  Factory  
  23  2:19  Refinery  
  23  2:22  SCV  
  24  2:25  Marine  
  25  2:34  SCV  
  26  2:42  Marine  
  27  2:46  SCV  
  28  2:52  Orbital Command  
  28  2:58  Cyclone, SCV  
  28  3:00  Starport  
  31  3:07  Barracks Reactor  
  31  3:10  SCV  
  31  3:21  SCV  
  31  3:23  SCV  
  31  3:25  Barracks  
  33  3:31  Widow Mine  
  33  3:32  Supply Depot  
  33  3:33  SCV  
  36  3:35  SCV  
  36  3:37  Barracks  
  36  3:39  Medivac  
  39  3:45  SCV  
  39  3:46  Marine  
  39  3:47  SCV  
  39  3:48  Marine  
  45  3:56  Factory Tech Lab  
  45  3:57  SCV, Engineering Bay  
  45  3:59  SCV  
  45  4:02  Supply Depot  
  45  4:05  Marine  
  45  4:06  Marine  
  45  4:09  SCV  
  48  4:11  SCV  
  48  4:13  Starport Tech Lab  
  49  4:20  Stimpack  
  49  4:21  SCV  
  49  4:23  SCV  
  53  4:24  Refinery  
  53  4:25  Terran Infantry Weapons Level 1  
  53  4:30  Supply Depot  
  53  4:34  Combat Shield, SCV  
  53  4:35  SCV  
  55  4:38  Refinery  
  55  4:39  Marine x4  
  55  4:42  Factory Reactor  
  57  4:45  Starport Reactor  
  57  4:46  SCV  
  57  4:47  SCV  
  59  4:54  Supply Depot  
  59  4:57  Marauder, Marine x2  
  59  4:58  SCV  
  59  4:59  SCV, Marauder  
  67  5:10  SCV  
  67  5:11  SCV  
  69  5:14  Marine  
  69  5:15  Marine  
  69  5:16  Supply Depot  
  69  5:17  Supply Depot  
  69  5:19  Marauder  
  69  5:20  Marauder  
  77  5:30  Supply Depot  
  77  5:32  Medivac  
  77  5:33  Medivac  
  78  5:38  Widow Mine x2, SCV x2, Marine x2  
  78  5:40  Supply Depot  
  88  5:43  Marauder  
  88  5:44  Marauder  
  90  5:52  Supply Depot  
  90  5:53  Concussive Shells  
  90  5:56  Marine x2  
  92  6:00  Widow Mine  
  92  6:03  Medivac, Widow Mine  
  100  6:04  Marauder  
  100  6:05  Marauder  
  100  6:09  Medivac  
  104  6:16  Marine x2  
  106  6:19  Terran Infantry Armor Level 1  
  108  6:25  Marauder  
  108  6:26  Marauder  
  108  6:30  Command Center  
  110  6:41  Barracks  
  110  6:43  Barracks  
  110  6:46  SCV x2  
  98  6:51  Marauder x2  
  91  6:54  Marine x2  
  91  6:58  SCV  
  91  6:59  Medivac x2  
  91  7:00  Widow Mine x2  
  89  7:03  SCV  
  89  7:06  Ghost Academy  
  90  7:10  SCV  
  90  7:12  Marauder  
  90  7:14  Marauder  
  90  7:15  SCV  
  96  7:18  Marine x2  
  96  7:22  SCV, Widow Mine  
  101  7:24  Widow Mine  
  101  7:27  SCV  
  101  7:29  Viking  
  106  7:31  Barracks Reactor, Barracks Tech Lab  
  106  7:34  SCV  
  106  7:36  Marauder  
  109  7:37  Marauder  
  109  7:39  Marine x2, SCV  
  114  7:46  SCV  
  114  7:48  Medivac  
  117  7:52  Marauder  
  117  7:56  Ghost  
  117  7:58  Ghost  
  121  8:05  SCV x2, Supply Depot  
  121  8:08  Orbital Command, Supply Depot  
  121  8:12  Ghost, Medivac  
  123  8:13  Marine  
  123  8:17  SCV, Marine  
  123  8:18  SCV  
  131  8:20  Marine x2  
  131  8:27  Medivac, Marine  
  133  8:30  SCV x2  
  133  8:33  Marauder  
  135  8:35  SCV  
  136  8:42  SCV, Marauder  
  136  8:43  Widow Mine x2  
  136  8:46  Armory, Engineering Bay  
  136  8:47  SCV  
  136  8:48  Bunker  
  145  8:50  Refinery  
  145  8:52  Marine x2  
  145  8:53  Marauder  
  145  8:55  Marine, Marauder  
  149  9:01  Marine  
  149  9:03  Marine  
  149  9:07  SCV x2  
  149  9:08  SCV  
  149  9:09  Widow Mine x2  
  154  9:10  Marine x2  
  154  9:13  Marine  
  154  9:14  Marauder  
  157  9:19  SCV  
  157  9:20  SCV  
  157  9:21  Medivac  
  157  9:22  Medivac  
  163  9:30  Marine  
  165  9:33  Marine  
  165  9:34  Marine  
  165  9:37  Command Center  
  165  9:39  Supply Depot  
  166  9:45  Starport  
  166  9:51  Medivac, Marauder x3  
  173  9:53  Terran Infantry Weapons Level 2  
  173  9:58  Supply Depot  
  173  9:59  Refinery  
  173  10:00  Supply Depot  
  173  10:01  Marine x3  
  174  10:12  Marauder, Marine  
  174  10:13  Viking  
  169  10:16  Marauder x2  
  169  10:18  Marine x2  
  171  10:21  Viking  
  171  10:27  Marine  
  174  10:29  Marine  
  174  10:33  Marauder  
  172  10:36  Marine  
  172  10:37  Marauder x2  
  171  10:43  Medivac  
  166  10:51  Medivac  
  166  10:55  Marauder  
  159  10:58  Marauder x2, SCV x3  
  159  11:01  Marine x2  
  159  11:03  Marine  
  167  11:04  Viking x2  
  167  11:10  SCV  
  167  11:11  SCV x2  
  174  11:13  Viking  
  174  11:15  Ghost  
  174  11:17  Marine  
  168  11:19  Marine x4  
  168  11:22  SCV  
  173  11:25  Viking  
  172  11:33  Marine  
  172  11:34  Viking  
  172  11:37  Marauder  
  172  11:38  Marauder  
  174  11:40  Viking  
  174  11:43  Viking  
  168  11:48  Marauder  
  168  11:53  Marine x2  
Show
View Real Time Build Order
Export as new Build Order

ShoWTimE Protoss - Winner!

Build Orders: 1 Gate Expand, Phoenix Opening, Zealot Archon 

Get SALT Encoding   

  12  0:00  Probe  
  13  0:12  Probe  
  14  0:17  Pylon  
  14  0:24  Probe  
  15  0:36  Probe (Chrono Boost)  
  15  0:37  Gateway  
  16  0:46  Assimilator  
  16  0:47  Probe (Chrono Boost)  
  17  0:51  Probe (Chrono Boost)  
  18  1:03  Probe  
  19  1:15  Probe  
  20  1:24  Cybernetics Core  
  20  1:32  Nexus  
  20  1:35  Probe  
  21  1:42  Pylon  
  21  1:47  Probe  
  21  1:50  Assimilator  
  22  1:57  Adept (Chrono Boost)  
  22  1:59  Probe (Chrono Boost)  
  25  2:02  Warp Gate  
  25  2:11  Probe (Chrono Boost)  
  26  2:19  Probe (Chrono Boost)  
  26  2:20  Sentry  
  29  2:26  Probe  
  30  2:30  Shield Battery  
  30  2:38  Probe  
  30  2:41  Stalker (Chrono Boost)  
  33  2:45  Probe  
  33  2:50  Probe  
  35  2:56  Gateway  
  35  2:57  Probe  
  36  3:01  Phoenix  
  36  3:02  Probe  
  37  3:09  Probe  
  38  3:14  Probe  
  39  3:21  Probe  
  39  3:25  Robotics Facility  
  39  3:26  Probe  
  41  3:33  Probe, Pylon  
  42  3:38  Probe  
  42  3:39  Gateway  
  43  3:42  Assimilator  
  43  3:45  Probe  
  44  3:50  Probe  
  44  3:53  Stalker x2  
  49  3:57  Probe  
  49  4:00  Twilight Council  
  49  4:02  Assimilator, Probe  
  51  4:06  Pylon  
  52  4:10  Probe  
  52  4:13  Observer  
  52  4:14  Probe  
  54  4:24  Probe, Stalker x2  
  54  4:27  Probe  
  54  4:28  Blink (Chrono Boost)  
  60  4:32  Pylon  
  60  4:33  Stalker  
  62  4:47  Nexus  
  62  4:50  Observer, Probe x2  
  65  4:54  Pylon  
  65  5:02  Templar Archives, Probe  
  65  5:05  Probe  
  67  5:07  Pylon  
  68  5:14  Probe  
  68  5:15  Gateway  
  68  5:17  Gateway  
  68  5:19  Probe  
  69  5:23  Psionic Storm  
  69  5:30  Gateway, Probe  
  69  5:31  Gateway, Probe  
  71  5:37  Gateway  
  71  5:42  Probe  
  72  5:44  High Templar  
  72  5:46  High Templar  
  72  5:48  Probe  
  77  5:50  High Templar  
  77  5:54  Charge (Chrono Boost)  
  77  5:56  Shield Battery  
  79  5:57  Probe  
  79  6:00  Probe  
  79  6:03  Probe  
  82  6:04  Observer  
  82  6:08  Shield Battery  
  82  6:11  Stalker  
  84  6:14  Shield Battery  
  84  6:15  Pylon  
  84  6:16  Probe x2  
  84  6:17  Probe  
  87  6:22  Stalker  
  89  6:26  Stalker x2  
  89  6:29  Zealot  
  94  6:34  Zealot x2  
  94  6:37  Pylon  
  98  6:45  Archon  
  92  6:49  Zealot  
  92  6:50  Zealot x5  
  96  6:59  High Templar x2  
  96  7:00  Probe  
  93  7:01  Assimilator  
  93  7:02  Assimilator  
  93  7:04  Forge  
  93  7:09  Observer (Chrono Boost), Shield Battery  
  93  7:10  Probe x2  
  93  7:15  High Templar  
  98  7:17  Zealot x2  
  98  7:20  Pylon  
  102  7:25  Warp Prism (Chrono Boost)  
  102  7:27  Protoss Ground Weapons Level 1 (Chrono Boost)  
  104  7:30  Sentry  
  104  7:31  Zealot x2  
  104  7:35  Pylon  
  110  7:42  Stalker x4  
  118  7:45  Photon Cannon  
  118  7:53  Robotics Bay  
  116  8:00  Zealot x4  
  122  8:06  Observer, Robotics Facility  
  122  8:11  High Templar  
  124  8:16  Photon Cannon  
  124  8:18  Pylon  
  124  8:21  Pylon  
  124  8:23  Stalker  
  124  8:24  Stalker x2  
  124  8:25  Zealot  
  130  8:38  Extended Thermal Lance (Chrono Boost)  
  130  8:41  Colossus  
  130  8:44  Probe  
  137  8:53  Colossus  
  143  8:56  Pylon  
  143  8:59  Probe  
  142  9:04  Probe  
  142  9:09  Nexus  
  143  9:10  Pylon  
  143  9:13  Protoss Ground Weapons Level 2 (Chrono Boost)  
  143  9:15  Zealot, Stalker  
  145  9:21  Shield Battery  
  141  9:34  Colossus  
  147  9:44  Probe x3  
  150  9:47  Photon Cannon, Colossus  
  150  9:48  High Templar x2  
  160  9:52  Archon  
  160  9:53  Zealot x2  
  160  9:57  Photon Cannon  
  160  9:59  Pylon  
  164  10:00  Pylon  
  164  10:11  Zealot x4  
  162  10:24  Probe  
  162  10:25  Probe x2  
  162  10:28  Stalker x4  
  171  10:31  Zealot x3  
  165  10:44  Stalker  
  159  10:56  Stalker x7  
  168  11:06  Probe x2  
  168  11:14  Zealot  
  170  11:19  Zealot x4  
  170  11:23  Zealot x2, Pylon  
  170  11:25  Nexus  
  182  11:26  Probe x2  
  182  11:38  Zealot x2  
  176  11:40  Zealot x4  
  174  11:52  Zealot x2  
  148  12:04  Archon  
  148  12:05  Zealot x2  
  148  12:06  Zealot x4  
Tags
 
Add a new tag
Caveats
  • Supply blocks, unpowered buildings, or Contaminate may cause inaccurate times.
  • Supply counts are checked every 10 seconds.